 Dungeon Crawl Stone Soup version 0.30-a0-715-gdb4ae3ece1 (webtiles) character file.

Game seed: 3734143044498374044

363 KennySheep the Shooter (level 7, -6/52 HPs)
             Began as a Formicid Hunter on Jan 24, 2023.
             Was an Initiate of Yredelemnul.
             Mangled by a lemure (9 damage)
             ... led by Pikel
             ... on level 4 of the Dungeon.
             The game lasted 00:09:16 (3843 turns).

KennySheep the Shooter (Formicid Hunter)            Turns: 3843, Time: 00:09:17

Health: -6/52      AC:  3    Str: 15    XL:     7   Next: 0%
Magic:  7/8        EV: 12    Int:  9    God:    Yredelemnul [......]
Gold:   217        SH:  0    Dex: 19    Spells: 6/6 levels left

rFire   . . .      SeeInvis +    a - +0 shortbow
rCold   . . .      Faith    .    (no shield)
rNeg    . . .      Spirit   .    c - +0 leather armour
rPois   .          Reflect  .    (helmet unavailable)
rElec   .          Harm     .    (no cloak)
rCorr   .          Rampage  .    (no gloves)
Will    .....                    (no boots)
Stlth   +++                      (no amulet)
HPRegen 0.28/turn                (no ring)
MPRegen 0.11/turn                (no ring)

@: no status effects
A: permanent stasis, dig shafts and tunnels, antennae 3, four strong arms
a: Dig, Shaft Self, Renounce Religion, Recall Undead Harvest


You were on level 4 of the Dungeon.
You worshipped Yredelemnul.
Yredelemnul was noncommittal.
You visited 1 branch of the dungeon, and saw 4 of its levels.

You collected 217 gold pieces.

Inventory:

Hand Weapons
 a - a +0 shortbow (weapon)
Missiles
 r - a throwing net
Armour
 c - a +0 leather armour (worn)
 m - a +0 buckler
Scrolls
 b - a scroll of immolation
 e - 2 scrolls of amnesia {unknown}
 f - 3 scrolls of teleportation
 g - 2 scrolls of identify {unknown}
 j - 3 scrolls of enchant weapon {unknown}
 k - a scroll of blinking {unknown}
 l - 2 scrolls of magic mapping {unknown}
 o - a scroll of brand weapon {unknown}
 q - a scroll of summoning {unknown}
 s - a scroll of fog {unknown}
Potions
 d - a potion of ambrosia {unknown}
 h - 3 potions of might {unknown}
 i - a potion of haste {unknown}
 n - 2 potions of flight {unknown}
 p - a potion of lignification {unknown}
 t - a potion of mutation {unknown}
 u - 3 potions of curing {unknown}
 v - a potion of heal wounds


   Skills:
 + Level 3.5 Fighting
 * Level 5.6 Ranged Weapons
 - Level 0.9 Armour
 - Level 1.7 Dodging
 + Level 3.6 Stealth
 + Level 2.8 Shields
 + Level 2.6 Invocations


You had 6 spell levels left.
You didn't know any spells.
Your spell library contained the following spells:

 Spells                   Type           Power      Damage    Failure   Level
 Slow                     Hex            0%         N/A       45%         1
 Static Discharge         Conj/Air       0%         2-2/arc   58%         2
 Confusing Touch          Hex            0%         N/A       83%         3
 Vampiric Draining        Necr           0%         2d6       83%         3
 Vhi's Electric Charge    Tloc/Air       0%         N/A       83%         3
 Arcjolt                  Conj/Air       0%         1d10      100%        5
 Lightning Bolt           Conj/Air       0%         1d11      100%        5


Dungeon Overview and Level Annotations

Branches:
Dungeon (4/15)
 Temple: D:4-7

Altars:
Yredelemnul

Shops:
D:4 *

Annotations:
D:4 Dowan, Duvessa, Pikel


Innate Abilities, Weirdness & Mutations

You cannot be hasted, slowed, berserked, paralysed or teleported.
You can dig through walls and to a lower floor.
You have a pair of large antennae on your head. (SInv)
Your four strong arms can wield two-handed weapons with a shield.


Message History

Pikel burns your black bear zombie.
Your black bear zombie is destroyed!
The lemure attacks as you move away! The lemure hits you.
* * * LOW HITPOINT WARNING * * *
Nothing appears to have answered your call.
The lemure barely misses you. The lemure attacks as you move away!
The lemure barely misses you.
Okay, then.
You feel much better.
You shoot an arrow.
The arrow hits the lemure but does no damage.
The lemure is lightly wounded.
The lemure misses you.
You shoot an arrow. The arrow hits the lemure!
The lemure is heavily wounded.
The lemure hits you. The lemure misses you. The lemure completely misses you.
The lemure hits you.
You shoot an arrow. The arrow barely misses the lemure.
The arrow closely misses the lemure.
The lemure hits you! The lemure misses you.
You shoot an arrow. The arrow misses the lemure.
The arrow hits the lemure!
The lemure is moderately wounded.
The lemure hits you. The lemure closely misses you.
You shoot an arrow. The arrow barely misses the lemure.
The lemure closely misses you.
You shoot an arrow. The arrow closely misses the lemure.
The lemure barely misses you. The lemure completely misses you.
The lemure barely misses you. The lemure misses you. The lemure hits you.
The lemure hits you but does no damage. The lemure misses you.
You shoot an arrow. The arrow barely misses the lemure.
The lemure hits you.
* * * LOW HITPOINT WARNING * * *
The lemure closely misses you. The lemure misses you. The lemure hits you.
* * * LOW HITPOINT WARNING * * *
You shoot an arrow. The arrow misses the lemure.
The lemure hits you.
* * * LOW HITPOINT WARNING * * *
The lemure hits you.
* * * LOW HITPOINT WARNING * * *
The lemure misses you. The lemure hits you!
You die...
Your body rises from the dead as a mindless zombie.

.##....#..#..... #......
.##....#......# #.#..##
.##....#..... #......
.##....#..K# # #..#.##
.##.<..#>..# #### .. #..#.##
Z##....#.).# #..#
#.(......#...
{##......<.####..#
....##.#.#####
.##......55#..#..#........#.#
....#....5.#..##@5....... ...
##########.#5.#555....... ..#
#.......####### ####
#########


You could see 4 lemures.

Vanquished Creatures
  A black bear (D:4)
  The ghost of bande the Covered, an amateur GrFi (D:3)
  A howler monkey (D:4)
  Jessica (D:3)
  A gnoll (D:1)
  4 adders
  An ufetubus (D:3)
  3 worms
  A dart slug (D:4)
  6 ball pythons
  5 endoplasms
  6 giant cockroaches
  5 goblins
  6 hobgoblins
  6 jackals
  7 kobolds
  A quokka (D:1)
  5 bats
  3 frilled lizards
  2 rats
66 creatures vanquished.

Vanquished Creatures (collateral kills)
  A worm (D:3)
  A quokka (D:3)
2 creatures vanquished.

Vanquished Creatures (others)
  A black bear zombie (D:4)
  A howler monkey zombie (D:4)
  An adder zombie (D:3)
  2 bat zombies (D:3)
  2 ball python zombies (D:4)
  A dart slug zombie (D:4)
  An endoplasm zombie (D:3)
  A giant cockroach zombie (D:3)
  A goblin zombie (D:3)
  A hobgoblin zombie (D:3)
  A human zombie (D:3)
  3 jackal zombies
  A kobold zombie (D:3)
  A rat zombie (D:3)
  A spectral ufetubus (D:3)
19 creatures vanquished.

Grand Total: 87 creatures vanquished

Notes
Turn   | Place    | Note
-------+----------+-------------------------------------------
     0 | D:1      | KennySheep the Formicid Hunter began the quest for the Orb.
     0 | D:1      | Reached XP level 1. HP: 16/16 MP: 1/1
   195 | D:1      | Reached XP level 2. HP: 23/23 MP: 2/2
   381 | D:1      | Found a faded altar of an unknown god.
   440 | D:1      | Prayed at the altar of an unknown god.
   440 | D:1      | Became a worshipper of Yredelemnul the Dark
   440 | D:1      | Reached * piety under Yredelemnul
   815 | D:1      | Reached XP level 3. HP: 24/28 MP: 3/3
  1135 | D:2      | Reached skill level 1 in Invocations
  1215 | D:2      | Reached XP level 4. HP: 34/34 MP: 4/4
  1245 | D:2      | Reached ** piety under Yredelemnul
  1492 | D:2      | Reached skill level 1 in Shields
  1851 | D:3      | Noticed Jessica
  1854 | D:3      | Killed Jessica
  1940 | D:3      | Reached XP level 5. HP: 29/40 MP: 6/6
  2067 | D:3      | Found a large runed translucent door.
  2068 | D:3      | Found a large runed translucent door.
  2068 | D:3      | Noticed bande's ghost (amateur GrFi)
  2217 | D:3      | Reached skill level 5 in Ranged Weapons
  2316 | D:3      | Reached *** piety under Yredelemnul
  2811 | D:3      | Your ally Jessica died
  2835 | D:3      | Killed bande's ghost
  2836 | D:3      | Reached XP level 6. HP: 40/47 MP: 2/7
  2918 | D:4      | Noticed Dowan
  2919 | D:4      | Noticed Duvessa
  2987 | D:4      | Found Ilutz's General Store.
  3024 | D:4      | Noticed a black bear
  3036 | D:4      | Killed a black bear
  3786 | D:4      | Reached XP level 7. HP: 52/52 MP: 8/8
  3810 | D:4      | Noticed Pikel
  3843 | D:4      | Mangled by a lemure

Illustrated notes

Levels and vault maps discovered:
D:1:      roderic_chinese_lattice_arrival, layout_basic,
          shapermc_ecumenical_altar_petra, dk_noncrumbling_3,
          dreamdust_princess_corridor, minmay_misc_feat_pillars
D:2:      layout_basic
D:3:      layout_loops_corners, ebering_ghost_disaster_area, uniq_jessica
D:4:      layout_basic, serial_shops, nicolae_shop_trees,
          hangedman_abyss_or_decor_stagger, uniq_pikel, uniq_duvessa

Skill      XL: |  1  2  3  4  5 |
---------------+----------------+-----
Stealth        | 2 3 |  3.6
Invocations    | 1 2 |  2.6
Shields        | 1 2 |  2.8
Fighting       | 3 |  3.5
Ranged Weapons | 5 |  5.6
Armour         | |  0.9
Dodging        | |  1.7

Action                     |  1- 3 |  4- 6 |  7- 9 || total
---------------------------+-------+-------+-------++-------
   Fire: Shortbow          |    83 |   112 |    19 ||   214
 Invoke: Recall Undead Har |       |     4 |     1 ||     5
         Dark Bargain      |       |     1 |       ||     1
    Use: Scroll            |       |     1 |       ||     1
         Potion            |       |       |     1 ||     1
 Armour: Leather armour    |    12 |     9 |     2 ||    23
  Dodge: Dodged            |    21 |    37 |    24 ||    82

Table legend: (Time is in decaauts)
 A = Elapsed time spent in this place.
 B = Non-inter-level travel time spent in this place.
 C = Inter-level travel time spent in this place.
 D = Time resting spent in this place.
 E = Time spent auto-exploring this place.
 F = Levels seen in this place.
 G = Mean time per level.
                   A        B        C        D        E       F      G
               +--------+--------+--------+--------+--------+-----+--------+
         Total |   3905 |   3686 |    219 |    178 |   2748 |   4 |  976.2 |
       Dungeon |   3905 |   3686 |    219 |    178 |   2748 |   4 |  976.2 |
               +--------+--------+--------+--------+--------+-----+--------+

Top non-repeatable levels by time:
     D:3: 1180 daAuts
     D:1: 1004 daAuts
     D:4: 881 daAuts
     D:2: 838 daAuts
